 Dungeon Crawl Stone Soup version 0.30-b1-2-g02819fbbbe (webtiles) character file.

Game seed: 3628128902711531557

24425 redmage the Thaumaturge (level 13, 0/93 HPs)
             Began as a Meteoran Earth Elementalist on Sept 6, 2023.
             Was an Elder of Sif Muna.
             Succumbed to a redback's poison
             ... on level 3 of the Lair of Beasts on Sept 7, 2023.
             The game lasted 01:12:47 (3795 turns).

redmage the Thaumaturge (MeEE)                      Turns: 3795, Time: 01:12:48

Health: 0/93       AC: 11    Str: 14    XL:     13   Next: 78%
Magic:  8/30       EV: 18    Int: 27    God:    Sif Muna [****..]
Gold:   639        SH:  0    Dex: 16    Spells: 15/37 levels left

rFire   . . .        f - +5 whip "Jelly's Foe" {vamp, *Noise Str+4 Int+3}
rCold   . . .        K - orb {light}
rNeg    . . .        u - +0 steam dragon scales
rPois   .            O - +1 helmet of Yboa {rCorr Int+3}
rElec   .            o - scarf {shadows}
rCorr   +            (no gloves)
SInv    .            (no boots)
Will    +....        q - amulet of the acrobat
Stlth   +            C - +5 ring of evasion
HPRegen 0.35/turn    I - +4 ring of protection
MPRegen 0.22/turn

%: acrobat
@: lethally poisoned (0 -> -90), glowing
A: sense surroundings 2, otherworldly, glowing, explore regen
a: Renounce Religion, Channel Magic, Forget Spell, Divine Exegesis


You were on level 3 of the Lair of Beasts.
You worshipped Sif Muna.
Sif Muna was greatly pleased with you.
You visited 4 branches of the dungeon, and saw 17 of its levels.
You also visited: Ossuary.

You collected 639 gold pieces.

Inventory:

Hand Weapons
 a - the +10 zealot's sword {holy, Zealotry, *Rage rN+ EV+3}
   (You found it on level 5 of the Lair of Beasts)

   Zealotry:  Whenever the wielder enters a berserk rage, their allies are
   berserked alongside them.
   EV:        It affects your evasion (+3).
   rN:        It protects you from negative energy.
   *Rage:     It berserks you when you make melee attacks (+20% chance).
 f - the +5 whip "Jelly's Foe" (weapon) {vamp, *Noise Str+4 Int+3}
   (You found it on level 2 of the Lair of Beasts)

   Str:       It affects your strength (+4).
   Int:       It affects your intelligence (+3).
   *Noise:    It may make noises in combat.
 h - a +2 dagger of draining
 B - a +5 war axe
Missiles
 e - 8 poisoned darts
 j - 2 datura-tipped darts
 G - 2 curare-tipped darts (quivered)
 J - 5 throwing nets
Armour
 o - a scarf of shadows (worn)
 u - +0 steam dragon scales (worn)
 K - an orb of light (worn)
 O - the +1 helmet of Yboa (worn) {rCorr Int+3}
   (You found it on level 4 of the Lair of Beasts)

   Int:       It affects your intelligence (+3).
   rCorr:     It protects you from acid and corrosion.
Jewellery
 g - an amulet of reflection
 q - an amulet of the acrobat (around neck)
 C - a +5 ring of evasion (left hand)
 D - a ring of protection from cold
 F - an amulet of faith
 I - a +4 ring of protection (right hand)
Wands
 k - a wand of flame (10)
 s - a wand of mindburst (4)
 y - a wand of digging (3)
Scrolls
 r - a scroll of blinking
 t - 2 scrolls of magic mapping
 v - a scroll of poison
 x - 2 scrolls of fog
 z - 2 scrolls of amnesia
 A - 2 scrolls of enchant armour
 M - a scroll of identify
 N - a scroll of butterflies
Potions
 b - a potion of magic
 c - 3 potions of lignification
 d - 2 potions of haste
 l - 4 potions of heal wounds
 m - 2 potions of flight
 n - 4 potions of curing
 p - a potion of might
 w - a potion of cancellation
 E - 3 potions of mutation
Miscellaneous
 H - a phial of floods (inert)


   Skills:
 - Level 2.5 Fighting
 - Level 3.9 Dodging
 - Level 1.4 Stealth
 - Level 12.5 Spellcasting
 - Level 5.0 Conjurations
 + Level 10.4 Necromancy
 + Level 4.4 Translocations
 - Level 1.2 Transmutations
 + Level 10.4 Ice Magic
 - Level 2.0 Air Magic
 - Level 10.1 Earth Magic
 - Level 10.0 Invocations
 - Level 6.0 Evocations


You had 15 spell levels left.
You knew the following spells:

 Your Spells              Type           Power      Damage    Failure   Level
a - Sandblast             Erth           100%       2d20      1%          1
b - Passwall              Tmut/Erth      39%        N/A       1%          2
c - Stone Arrow           Conj/Erth      100%       3d13      1%          3
d - Frozen Ramparts       Ice            100%       1d16      1%          3
e - Swiftness             Air            28%        N/A       4%          3
f - Simulacrum            Ice/Necr       32%        N/A       7%          6
z - Passage of Golubria   Tloc           40%        N/A       5%          4

Your spell library contained the following spells:

 Spells                   Type           Power      Damage    Failure   Level
 Ensorcelled Hibernation  Hex/Ice        90%        N/A       1%          2
 Gell's Gravitas          Tloc           40%        N/A       1%          3
 Hailstorm                Conj/Ice       55%        3d12      1%          3
 Teleport Other           Tloc           40%        N/A       1%          3
 Vampiric Draining        Necr           65%        2d10      1%          3
 Slow                     Hex            64%        N/A       3%          1
 Ice Form                 Ice/Tmut       48%        N/A       3%          4
 Petrify                  Tmut/Erth      47%        N/A       3%          4
 Confusing Touch          Hex            16%        N/A       10%         3
 Dispersal                Tloc           20%        N/A       63%         6
 Malign Gateway           Summ/Tloc      14%        N/A       100%        7


Dungeon Overview and Level Annotations

Branches:
Dungeon (10/15) Zot: 3763  Temple (1/1) D:7 Zot: 504    Lair (5/5) D:9 Zot: 1612
 Shoals (0/4) Lair:3       Spider (1/4) Lair:3 Zot: 592   Slime (0/5) Lair:4
Ossuary (visited)
    Orc: D:9-12

Altars:
Ashenzari
Cheibriados
Dithmenos
Elyvilon
Fedhas
Gozag
Hepliaklqana
Kikubaaqudgha
Makhleb
Nemelex Xobeh
Okawaru
Qazlal
Ru
Sif Muna
Trog
Uskayaw
Vehumet
Wu Jian
Xom
Yredelemnul
Zin
The Shining One
Jiyva

Shops:
D:5 (   D:9 =

Annotations:
Lair:2 1 runed translucent door, PanSaczeczos's ghost, journeyman SpEE


Innate Abilities, Weirdness & Mutations

You passively map the area around you.
You are easily found by Zot.
You glow in the dark.
You regain HP and MP as you explore.


Message History

A ghost moth comes into view.
Unknown command.
Casting: Simulacrum (dangerous; 7% risk of failure)
Confirm with . or Enter, or press ? or * to list all spells.
Aiming: Stone Arrow (safe; 1% risk of failure)
Press: ? - help, Shift-Dir - straight line, f/p - redback
Aim: a redback (moderately wounded, simulacrum, haloed, 80% to hit)
The stone arrow misses the redback.
The redback bites you but does no damage.
The wall freezes the redback.
The redback bites you.
You are poisoned.
The redback poisons you!
The redback bites you but does no damage.
The redback is healed somewhat.
The wall freezes the redback.
The redback misses you.
The redback bites you but does no damage. x2
Your frozen ramparts will break if you move.
Continue?
Okay, then.
Your frozen ramparts will break if you move.
Continue?
Okay, then.
Unknown command.
Your frozen ramparts will break if you move.
Continue?
You feel extremely sick.
The wall freezes the redback.
The redback bites you.
You are lethally poisoned!
The redback poisons you! The redback bites you.
You are more poisoned.
The redback poisons you!
The frozen ramparts melt away.
You climb upwards.
Welcome back to the Lair of Beasts!
* * * LOW HITPOINT WARNING * * *
You feel extremely sick.
There is a hole to the Spider Nest here.
Unknown command.
Unknown command.
Unknown command.
Blink to where?
Press: ? - help, Dir - move target
As you read the scroll of blinking, it crumbles to dust.
You die...

.........................)......
#.###...................#.......
##* #.._......#)..#########.....
** #............## *^#.#.##....
#............## #.#,#Z###.... *
*#...........####.#*#.#.##....
,...!.......##^#######.#.... *,
,.##...#....≈s..#..^......#.
#.......@≈.§..#.#†....### ,
##.......≈ss.#^#Z#....## * *
###...##..##.###^###.#..## *
#.........###.###.#.##.... *
#.#....#...##.#.# #.# ##... * #
##...##...##^##*### ##..
#.###..†..######## #.Z * * ###
##..#......#.# ### ** , *
####.......## #.


You could see 3 redbacks.

Vanquished Creatures
  A dire elephant (Lair:5)
  Harold (Lair:2)
  2 hydras (Lair:2)
  A merfolk avatar (Lair:5)
  A two-headed ogre (D:5)
  Sonja (Lair:2)
  2 manticores (Lair:5)
  A merfolk siren (Lair:3)
  A black mamba (Lair:5)
  4 elephants (Lair:2)
  4 cane toads
  A rime drake (Lair:3)
  2 komodo dragons (Lair:1)
  2 merfolk (Lair:3)
  2 polar bears
  A wind drake (Lair:5)
  A tarantella (Spider:1)
  4 blink frogs (Lair:5)
  A dream sheep (Lair:5)
  2 jumping spiders (Lair:3)
  3 wyverns
  22 yaks
  3 basilisks
  4 steam dragons
  6 water moccasins
  An ice beast (D:8)
  2 black bears
  3 sky beasts
  An orc warrior (D:5)
  A kobold brigand (D:7)
  A centaur (D:8)
  2 phantoms
  A gnoll sergeant (D:7)
  2 bullfrogs (Lair:4)
  2 scorpions
  5 wights
  2 water moccasin zombies (Ossuary)
  A killer bee (D:9)
  2 howler monkeys (D:6)
  3 electric eels (Lair:1)
  A bullfrog zombie (Ossuary)
  5 centaur zombies (Ossuary)
  A human zombie (Ossuary)
  A hound (D:6)
  2 jellies
  6 orc priests
  2 iguanas
  3 scorpion zombies (Ossuary)
  7 orc wizards
  2 ogre zombies (Ossuary)
  7 adders
  13 gnolls
  A shadow imp (D:5)
  3 adder zombies (Ossuary)
  2 worms (D:2)
  A dart slug (D:5)
  26 orcs
  3 ball pythons
  3 bats
  4 endoplasms
  3 giant cockroaches
  2 goblins
  4 jackals
  2 kobolds
  3 quokkas
  8 frilled lizards
  4 gnoll zombies (Ossuary)
  3 goblin zombies (Ossuary)
  4 hobgoblin zombies (Ossuary)
  4 orc zombies (Ossuary)
  3 rats
235 creatures vanquished.

Vanquished Creatures (collateral kills)
  A merfolk siren (Lair:3)
  2 elephants (Lair:2)
  A hornet (Lair:5)
  7 blink frogs (Lair:5)
  3 polar bears (Lair:5)
  5 dream sheep (Lair:5)
  2 jumping spiders (Lair:3)
  A basilisk (Lair:5)
  3 redbacks (Lair:3)
  A water moccasin (Lair:5)
  A fungus (Lair:3)
  A plant (Lair:3)
28 creatures vanquished.

Vanquished Creatures (others)
  A rime drake (Lair:5)
  A bush (D:9)
  20 fungi
  61 plants
83 creatures vanquished.

Grand Total: 346 creatures vanquished

Notes
Turn   | Place    | Note
-------+----------+-------------------------------------------
     0 | D:1      | redmage the Meteoran Earth Elementalist began the quest for
                  | the Orb.
     0 | D:1      | Reached XP level 1. HP: 14/14 MP: 5/5
    18 | D:1      | Reached skill level 3 in Spellcasting
    18 | D:1      | Reached XP level 2. HP: 20/20 MP: 1/7
    52 | D:1      | Learned a level 2 spell: Passwall
   127 | D:2      | Reached XP level 3. HP: 22/26 MP: 4/8
   135 | D:2      | You fall into a shaft and drop 1 floor!
   179 | D:3      | Reached XP level 4. HP: 21/33 MP: 6/10
   200 | D:3      | Reached skill level 4 in Spellcasting
   233 | D:3      | Reached skill level 5 in Earth Magic
   258 | D:3      | Reached XP level 5. HP: 38/38 MP: 10/12
   433 | D:4      | Noticed a phantom
   436 | D:4      | Reached skill level 5 in Spellcasting
   436 | D:4      | Reached XP level 6. HP: 45/45 MP: 10/14
   469 | D:4      | Learned a level 3 spell: Stone Arrow
   520 | D:5      | Entered Level 5 of the Dungeon
   613 | D:6      | Noticed a sky beast
   619 | D:6      | Killed a sky beast
   620 | D:6      | Reached skill level 1 in Conjurations
   627 | D:6      | Reached XP level 7. HP: 50/50 MP: 9/16
   710 | D:6      | Reached skill level 6 in Spellcasting
   758 | D:6      | Found a sand-covered staircase.
   780 | Ossuary  | Entered an ossuary
   822 | Ossuary  | Reached XP level 8. HP: 57/57 MP: 14/18
   901 | Ossuary  | Reached skill level 7 in Spellcasting
   948 | Ossuary  | Noticed a silent spectre
  1029 | D:5      | Reached skill level 5 in Conjurations
  1080 | D:5      | Gained mutation: You passively map the area around you.
                  | [Meteoran growth]
  1080 | D:5      | Reached XP level 9. HP: 58/62 MP: 10/21
  1097 | D:5      | Noticed a two-headed ogre
  1102 | D:5      | Killed a two-headed ogre
  1103 | D:5      | Reached skill level 9 in Spellcasting
  1151 | D:5      | Found Puuby's Antique Weapon Boutique.
  1274 | D:6      | Reached skill level 10 in Earth Magic
  1318 | D:7      | Found a staircase to the Ecumenical Temple.
  1326 | Temple   | Entered the Ecumenical Temple
  1399 | Temple   | Became a worshipper of Sif Muna the Loreminder
  1431 | D:7      | Reached skill level 1 in Invocations
  1489 | D:8      | Reached skill level 10 in Spellcasting
  1489 | D:8      | Reached XP level 10. HP: 55/69 MP: 20/25
  1533 | D:9      | Found Xest's Jewellery Shop.
  1540 | D:9      | Reached * piety under Sif Muna
  1608 | D:7      | Reached skill level 5 in Invocations
  1779 | D:8      | Reached skill level 11 in Spellcasting
  1861 | D:8      | Reached XP level 11. HP: 51/74 MP: 14/27
  2064 | D:9      | Reached skill level 10 in Invocations
  2076 | D:9      | Found a shimmering altar of Xom.
  2139 | D:9      | Reached skill level 1 in Fighting
  2179 | D:8      | Found a basalt altar of Yredelemnul.
  2193 | D:8      | Reached ** piety under Sif Muna
  2196 | D:8      | Reached skill level 12 in Spellcasting
  2205 | D:8      | Found a sparkling altar of Nemelex Xobeh.
  2241 | D:10     | Entered Level 10 of the Dungeon
  2264 | D:9      | Found an iron altar of Okawaru.
  2277 | D:9      | Learned a level 6 spell: Simulacrum
  2284 | D:9      | Found an iron altar of Okawaru.
  2335 | D:9      | Reached skill level 1 in Necromancy
  2335 | D:9      | Reached skill level 1 in Ice Magic
  2425 | D:9      | Found a staircase to the Lair.
  2439 | Lair:1   | Entered Level 1 of the Lair of Beasts
  2625 | Lair:2   | Identified the +5 whip "Jelly's Foe" {vamp, *Noise Str+4
                  | Int+3}
  2659 | Lair:2   | Noticed an elephant
  2661 | Lair:2   | Noticed an elephant
  2668 | Lair:2   | Noticed an elephant
  2669 | Lair:2   | Noticed an elephant
  2694 | Lair:2   | Killed an elephant
  2695 | Lair:2   | Reached skill level 1 in Evocations
  2712 | Lair:2   | Killed an elephant
  2716 | Lair:2   | Killed an elephant
  2717 | Lair:2   | Reached skill level 5 in Necromancy
  2717 | Lair:2   | Reached skill level 5 in Ice Magic
  2717 | Lair:2   | Reached XP level 12. HP: 88/88 MP: 13/29
  2758 | Lair:2   | Found a runed translucent door.
  2766 | Lair:2   | Noticed PanSaczeczos's ghost (journeyman SpEE)
  2811 | Lair:2   | Noticed Sonja
  2812 | Lair:2   | Killed Sonja
  2827 | Lair:2   | Noticed Harold
  2827 | Lair:2   | Noticed a four-headed hydra
  2836 | Lair:2   | Killed Harold
  2837 | Lair:2   | Noticed a six-headed hydra
  2938 | Lair:2   | Killed a six-headed hydra
  2987 | Lair:2   | Killed a four-headed hydra
  2988 | Lair:2   | Reached skill level 5 in Evocations
  3207 | Lair:5   | Entered Level 5 of the Lair of Beasts
  3219 | Lair:5   | Reached *** piety under Sif Muna
  3226 | Lair:5   | Learned a level 3 spell: Swiftness
  3263 | Lair:5   | Reached XP level 13. HP: 93/93 MP: 30/30
  3266 | Lair:5   | Noticed a dire elephant
  3267 | Lair:5   | Reached skill level 1 in Air Magic
  3278 | Lair:5   | Noticed a merfolk avatar
  3278 | Lair:5   | Found the +10 zealot's sword {holy, Zealotry, *Rage rN+
                  | EV+3}
  3388 | Lair:5   | Killed a merfolk avatar
  3403 | Lair:5   | Got Sif Muna's Elucidation of Wanderlust and Hail
  3414 | Lair:5   | Learned a level 3 spell: Frozen Ramparts
  3419 | Lair:5   | Learned a level 4 spell: Passage of Golubria
  3461 | Lair:5   | Killed a dire elephant
  3462 | Lair:5   | Reached skill level 1 in Translocations
  3497 | Lair:5   | Reached skill level 10 in Necromancy
  3497 | Lair:5   | Reached skill level 10 in Ice Magic
  3587 | Lair:4   | Identified the +1 helmet of Yboa {rCorr Int+3}
  3639 | Lair:4   | Found a staircase to the Slime Pits.
  3640 | Lair:4   | Found a viscous altar of Jiyva.
  3679 | Lair:3   | Found a burning altar of Makhleb.
  3689 | Lair:3   | Found a hole to the Spider Nest.
  3786 | Spider:1 | Entered Level 1 of the Spider Nest
  3790 | Spider:1 | Reached **** piety under Sif Muna
  3791 | Spider:1 | Noticed a ghost moth
  3795 | Lair:3   | Succumbed to a redback's poison

Illustrated notes

Levels and vault maps discovered:
D:1:      ncdulo_wetmaze, layout_rooms
D:2:      layout_basic, serial_forest, infiniplex_forest_lined_corner,
          infiniplex_forest_pool, infiniplex_forest_lined_room_2,
          infiniplex_forest_straight_2, infiniplex_forest_lined_1,
          infiniplex_forest_3_way, infiniplex_forest_straight_2,
          infiniplex_forest_clump_curved, minmay_lizard_pond, uniq_robin,
          uniq_crazy_yiuf_cottage
D:3:      layout_rooms
D:4:      layout_basic, serial_forest, infiniplex_forest_lined_2,
          infiniplex_forest_clump_cross, infiniplex_forest_side_room,
          infiniplex_forest_clump_double, infiniplex_forest_end_double,
          infiniplex_forest_straight_5, infiniplex_forest_clump_large,
          infiniplex_forest_pool
D:5:      layout_basic, serial_shops, nicolae_shop_waterfront,
          guppyfry_early_orc_mine
D:6:      layout_basic, enter_ossuary_2, minmay_pentangle
D:7:      layout_basic, minmay_temple_entry_glassed_door
D:8:      layout_rooms, mainiacjoe_overflow_big_doors
D:9:      lemuel_ice_statue, layout_grid_maze, lemuel_doored_altar,
          minmay_lair_entry_grove, serial_shops, nicolae_stop_n_shop_2,
          hangedman_feature_mirror, nicolae_concentric_dashed_squares_wild
D:10:     layout_layer_cave, xom_teletrap_fun, serial_shops, shop
Temple:   nicolae_temple_bog_church
Lair:1:   layout_cave_pods, disabler_island
Lair:2:   layout_regular_city, ebering_ghost_funeral_grove,
          serial_bayou_lagoon_a, uniq_sonja, uniq_harold
Lair:3:   layout_layer_cave, elwin_shoals_entry_stream,
          nicolae_spider_entry_tight_spaces, basic_altar,
          minmay_lair_oklob_items
Lair:4:   layout_loops_ring, slime_entry_1
Lair:5:   gammafunk_lair_ancient_temple, layout_long_grid, serial_bayou_shore_b,
          serial_bayou_shore_a
Spider:1: layout_spider_delve

Skill      XL: |  1  2  3  4  5  6  7  8  9 10 11 12 13 |
---------------+----------------------------------------+-----
Spellcasting   | 3 4 5 6 7 10 11 12 | 12.5
Earth Magic    | 4 5 6 7 8 10 | 10.1
Conjurations   | 1 3 5 |  5.0
Invocations    | 3 9 10 | 10.0
Fighting       | 2 |  2.5
Dodging        | 3 |  3.9
Necromancy     | 5 8 10 | 10.4
Ice Magic      | 5 8 10 | 10.4
Evocations     | 2 6 |  6.0
Air Magic      | 2 |  2.0
Translocations | 4 |  4.4
Stealth        | |  1.4
Transmutations | |  1.2

Action                     |  1- 3 |  4- 6 |  7- 9 | 10-12 | 13-15 || total
---------------------------+-------+-------+-------+-------+-------++-------
  Melee: Unarmed           |       |     1 |       |       |       ||     1
         Dagger            |       |       |       |    17 |       ||    17
         Whip              |       |       |       |     1 |     7 ||     8
  Throw: Dart              |       |     2 |       |     2 |     2 ||     6
   Cast: Sandblast         |    30 |    45 |   106 |    95 |    15 ||   291
         Passwall          |     1 |       |     7 |     6 |     3 ||    17
         Stone Arrow       |       |     3 |    24 |   158 |    54 ||   239
         Simulacrum        |       |       |       |     1 |    14 ||    15
         Passage of Golubr |       |       |       |       |     4 ||     4
         Swiftness         |       |       |       |       |     1 ||     1
         Frozen Ramparts   |       |       |       |       |     1 ||     1
 Invoke: Channel Magic     |       |       |       |     2 |     2 ||     4
  Evoke: Wand              |       |       |     1 |    12 |     2 ||    15
         Phial of floods   |       |       |       |       |     1 ||     1
    Use: Potion            |     2 |       |       |       |       ||     2
         Scroll            |       |     7 |     8 |    11 |     4 ||    30
 Armour: Robe              |    11 |     7 |    22 |    31 |    18 ||    89
         Steam dragon scal |       |       |       |       |    12 ||    12
  Dodge: Dodged            |    11 |     6 |    32 |    77 |    37 ||   163
  Block: Other             |       |     2 |    10 |    16 |       ||    28
         Reflection        |       |       |     2 |       |       ||     2
